 Dungeon Crawl Stone Soup version 0.19-a0-1013-g40768a3 (webtiles) character file.

82 Gagarin the Conjurer (level 4, -1/24 HPs)
             Began as a Tengu Conjurer on July 24, 2016.
             Killed from afar by Terence (10 damage)
             ... with a wand of flame
             ... on level 2 of the Dungeon.
             The game lasted 00:09:07 (2726 turns).

Gagarin the Conjurer (Tengu Conjurer)               Turns: 2726, Time: 00:09:08

Health: -1/24      AC:  2    Str:  9    XL:     4   Next: 43%
Magic:  1/8        EV: 13    Int: 16    God:
Gold:   39         SH:  0    Dex: 14    Spells: 2 memorised, 4 levels left

rFire  . . .     SeeInvis .     f - +0 dagger
rCold  . . .     Gourm    .     a - +0 robe
rNeg   . . .     Faith    .     (no shield)
rPois  .         Spirit   .     (helmet restricted)
rElec  .         Dismiss  .     (no cloak)
rCorr  .         Reflect  .     (no gloves)
SustAt .         Harm     .     (boots unavailable)
MR     .....                    (no amulet)
Stlth  ++........               (no ring)
                                (no ring)

@: not resistant to hostile enchantments, unstealthy
A: beak, talons 3
a: no special abilities


You were on level 2 of the Dungeon.
You were not hungry.

You visited 1 branch of the dungeon, and saw 2 of its levels.

You collected 39 gold pieces.

Inventory:

Hand Weapons
 f - a +0 dagger (weapon)
Armour
 a - a +0 robe (worn)
Jewellery
 n - an uncursed ring of sustain attributes {unknown}
Wands
 g - a wand of random effects (13/48)
Scrolls
 d - a scroll of recharging {unknown}
 j - a scroll of enchant weapon {unknown}
 k - a scroll of amnesia {unknown}
 l - 2 scrolls of teleportation {unknown}
 m - a scroll of identify {unknown}
 o - a scroll of magic mapping {unknown}
Potions
 e - a potion of berserk rage {unknown}
 h - a potion of mutation {unknown}
 i - a potion of curing
 p - a potion of heal wounds {unknown}
 q - a potion of brilliance {unknown}
Books
 b - a book of Conjurations

   Spells                             Type                      Level
   a - Magic Dart                     Conjuration                  1
   b - Searing Ray                    Conjuration                  2
   c - Dazzling Spray                 Conjuration/Hexes            3
   d - Fulminant Prism                Conjuration/Hexes            4
   e - Iskenderun's Mystic Blast      Conjuration                  4
   f - Iskenderun's Battlesphere      Conjuration/Charms           5
Comestibles
 c - 2 bread rations
 r - a chunk of flesh


   Skills:
 + Level 0.2 Fighting
 + Level 0.2 Short Blades
 + Level 2.5 Dodging
 + Level 2.4 Stealth
 + Level 2.2 Spellcasting
 + Level 6.8 Conjurations


You had 4 spell levels left.
You knew the following spells:

 Your Spells              Type           Power        Failure   Level  Hunger
a - Magic Dart            Conj           ###.         1%          1    #......
b - Searing Ray           Conj           ###...       1%          2    ###....


Dungeon Overview and Level Annotations

Branches:
Dungeon (2/15)

Altars:
Makhleb
Okawaru
Trog
Xom

Annotations:
D:2 Terence


Innate Abilities, Weirdness & Mutations

You have a beak for a mouth.
You have claws for feet.


Message History

The searing ray hits Terence.
Terence is heavily wounded.
Terence drinks a potion.
Terence is healed!
The searing ray hits Terence.
Terence is heavily wounded.
You finish channeling your searing ray.
Terence barely misses you.
Casting: Searing Ray
Confirm with . or Enter, or press ? or * to list all spells.
Aiming: Magic Dart
Press: ? - help, Shift-Dir - straight line, f/p - Terence
Aim: Terence, wielding a flail, wearing a chain mail and carrying a wand of flame {zapped: 1} (heavily wounded)
The magic dart hits Terence.
Terence is severely wounded.
Terence zaps a wand.
The puff of flame misses you.
You closely miss Terence.
Terence is severely wounded.
Terence zaps a wand.
The puff of flame hits you!
Ouch! That really hurt!
Terence zaps a wand.
The puff of flame hits you!
You die...

### #.. #.# #.######
###.##>..
######.#.##.# #
............###..#.#
##.....@.@..?.....
##...##########.#
##.## ####.##### #.#
#........# #.#
#.##.#.#.# ##'## #.#
.% ##...## #.# .#
##.....## #w## #
##.......##
#..###.#.


You could see Terence.

Vanquished Creatures
  A hound (D:2)
  Ijyb (D:2)
  2 worms (D:2)
  A giant gecko (D:1)
  A ball python (D:1)
  A giant cockroach (D:2)
  2 goblins (D:2)
  3 hobgoblins (D:1)
  A kobold (D:1)
  4 bats
  A giant newt (D:1)
  9 rats
27 creatures vanquished.

Notes
Turn   | Place    | Note
-------+----------+-------------------------------------------
     0 | D:1      | Gagarin the Tengu Conjurer began the quest for the Orb.
     0 | D:1      | Reached XP level 1. HP: 10/10 MP: 4/4
   697 | D:1      | Reached XP level 2. HP: 15/15 MP: 4/6
   701 | D:1      | Learned a level 2 spell: Searing Ray
   931 | D:1      | Found a shimmering altar of Xom.
  1394 | D:2      | Found a bloodstained altar of Trog.
  1394 | D:2      | Noticed a moth of wrath
  1407 | D:2      | Reached skill level 6 in Conjurations
  1420 | D:2      | Found an iron altar of Okawaru.
  2236 | D:2      | Reached XP level 3. HP: 19/19 MP: 1/7
  2299 | D:2      | Noticed Ijyb
  2304 | D:2      | Killed Ijyb
  2429 | D:2      | Found a burning altar of Makhleb.
  2438 | D:2      | Reached XP level 4. HP: 8/24 MP: 1/8
  2713 | D:2      | Noticed Terence
  2726 | D:2      | Killed from afar by Terence

Vault maps used:
D:1:      lightli_arrival_boilingwater, xom_teletrap_fun
D:2:      tgw_trog, lemuel_crystal_altar, lemuel_doored_altar,
          wad_floor_pattern_untrapped, minmay_misc_feat_enclosed,
          grunt_ministairs_8, makhleb_heckhound_becter, uniq_iyjb, uniq_terence

Skill      XL: |  1  2 |
---------------+-------+-----
Conjurations   | 6 |  6.8
Fighting       | |  0.2
Short Blades   | |  0.2
Dodging        | |  2.5
Stealth        | |  2.4
Spellcasting   | |  2.2

Action                   |  1- 3 |  4- 6 || total
-------------------------+-------+-------++-------
Melee: Dagger            |    33 |     3 ||    36
       Kick              |    11 |     1 ||    12
       Unarmed           |     3 |       ||     3
       Peck              |     2 |     1 ||     3
 Cast: Magic Dart        |    62 |     4 ||    66
       Searing Ray       |     2 |     1 ||     3
 Stab: Sleeping          |     2 |       ||     2
  Eat: Chunk             |     6 |     1 ||     7
Armor: Robe              |     8 |     1 ||     9
Dodge: Dodged            |    19 |     3 ||    22
